 Dungeon Crawl Stone Soup version 0.29.0-4-gdea44cf6ec (webtiles) character file.

Game seed: 677613843174391524

175 qw the Chopper (level 5, -7/30 HPs)
             Began as a Tengu Warper on Aug 28, 2022.
             Mangled by a black bear (9 damage)
             ... on level 4 of the Dungeon.
             The game lasted 00:00:19 (3583 turns).

qw the Chopper (Tengu Warper)                       Turns: 3583, Time: 00:00:20

Health: -7/30      AC:  6    Str: 13    XL:     5   Next: 55%
Magic:  9/9        EV: 11    Int: 14    God:
Gold:   373        SH:  0    Dex: 13    Spells: 8/8 levels left

rFire   . . .      SeeInvis .   Y - +0 hand axe
rCold   . . .      Faith    .   (no shield)
rNeg    . . .      Spirit   .   l - +0 scale mail
rPois   .          Reflect  .   (helmet restricted)
rElec   .          Harm     .   (no cloak)
rCorr   .          Rampage  .   (no gloves)
Will    .....                   (boots unavailable)
Stlth   ..........              (no amulet)
HPRegen 0.10/turn               (no ring)
MPRegen 0.11/turn               (no ring)

@: lethally poisoned (-7 -> -10), about to teleport, flying quickly and
evasively, quick
A: beak, talons 3, nimble flight
a: no special abilities


You were on level 4 of the Dungeon.
You visited 1 branch of the dungeon, and saw 4 of its levels.

You collected 373 gold pieces.


Innate Abilities, Weirdness & Mutations

You have a beak for a mouth.
You have claws for feet.
Your magical nature lets you fly swiftly and evasively.


   Skills:
 - Level 2.0 Fighting
 + Level 6.1 Axes
 - Level 1.0 Throwing
 - Level 1.1 Armour
 - Level 2.1 Dodging
 - Level 2.0 Spellcasting
 - Level 2.4 Translocations


You had 8 spell levels left.
You didn't know any spells.
Your spell library contained the following spells:

 Spells                   Type           Power      Damage    Failure   Level
 Blink                    Tloc           16%        N/A       54%         2
 Gell's Gravitas          Tloc           8%         N/A       78%         3
 Lesser Beckoning         Tloc           8%         N/A       78%         3
 Teleport Other           Tloc           8%         N/A       78%         3
 Manifold Assault         Tloc           8%         N/A       100%        5

Inventory:

Hand Weapons
 b - a +0 flail
 Y - a +0 hand axe (weapon)
Missiles
 k - 5 javelins (quivered)
Armour
 l - a +0 scale mail (worn)
Scrolls
 a - 2 scrolls of teleportation
 g - a scroll of identify
Potions
 d - a potion of heal wounds
 e - a potion of curing
 h - a potion of haste
 i - a potion of lignification {unknown}
 j - a potion of attraction {unknown}

Dungeon Overview and Level Annotations

Branches:
Dungeon (4/15)
 Temple: D:4-7

Altars:
Makhleb

Shops:
D:4 (


Message History

The black bear is heavily wounded.
You barely miss the scorpion. The scorpion closely misses you.
The black bear closely misses you. The black bear barely misses you.
The black bear claws you but does no damage.
You closely miss the black bear. You claw the black bear.
The black bear is heavily wounded.
You hit the scorpion but do no damage.
The quokka twitches its whiskers.
The scorpion stings you.
You are poisoned.
The scorpion poisons you! The black bear bites you.
The black bear closely misses you. The black bear barely misses you.
You barely miss the black bear. Your kick misses the black bear.
Your peck misses the black bear.
The black bear is heavily wounded.
You hit the scorpion.
You feel sick.
The scorpion stings you but does no damage.
The black bear bites you but does no damage.
The black bear claws you but does no damage. x2
You hit the black bear.
You claw the black bear, but do no damage.
The black bear is severely wounded.
You hit the scorpion but do no damage.
You feel sick.
The scorpion stings you but does no damage.
The black bear goes berserk!
The scorpion stings you.
You hit the black bear.
You claw the black bear, but do no damage.
The black bear is severely wounded.
You hit the scorpion but do no damage.
You feel sick. The black bear bites you! The black bear closely misses you.
The black bear claws you but does no damage.
The scorpion stings you but does no damage.
3583 ||| READING 3 scrolls of teleportation.
As you read the scroll of teleportation, it crumbles to dust.
You feel strangely unstable.
You feel sick. The black bear bites you!
You die...

#.......###...###
#....).<# ##....#
#.......# #>...#
#####.#....####....#
#.........###......#
##.#....##.##..#....#
#....#.###....##....#
#..###.# ##..###..###
..## #.# #..# #@##
..# ^.# #####.sh# ###
### ...#S# # ...## S#
# #.## Sr .. ...
###.. # ... o.(..
.... .o.#.


You could see a black bear (berserk), a scorpion, an adder, a quokka and 2 ball
pythons.

Vanquished Creatures
  An orc wizard (D:4)
  5 adders
  3 gnolls (D:4)
  An ufetubus (D:3)
  3 orcs
  6 ball pythons
  9 endoplasms
  2 giant cockroaches
  4 goblins
  4 hobgoblins
  2 jackals (D:1)
  8 kobolds
  4 quokkas
  5 bats
  A frilled lizard (D:1)
  10 rats
68 creatures vanquished.

Vanquished Creatures (others)
  6 toadstools (D:4)
6 creatures vanquished.

Grand Total: 74 creatures vanquished

Notes
Turn   | Place    | Note
-------+----------+-------------------------------------------
     0 | D:1      | qw the Tengu Warper began the quest for the Orb.
     0 | D:1      | Reached XP level 1. HP: 12/12 MP: 4/4
     0 | D:1      | 0 ||| qw: Version: 0.1-a-89-g26bdef1
     0 | D:1      | 0 ||| qw: Game counter: 2430
     0 | D:1      | 0 ||| qw: Always use a shield: true
     0 | D:1      | 0 ||| qw: God list: Okawaru
     0 | D:1      | 0 ||| qw: Allow faded altars: false
     0 | D:1      | 0 ||| qw: Do Orc after D:15 true
     0 | D:1      | 0 ||| qw: Do second Lair branch before Depths: true
     0 | D:1      | 0 ||| qw: Lair rune preference: random
     0 | D:1      | 0 ||| qw: Plans: Normal
     0 | D:1      | 0 ||| PLANNING D:1-11
   182 | D:1      | Reached skill level 3 in Axes
   182 | D:1      | Reached XP level 2. HP: 17/17 MP: 6/6
   614 | D:1      | Reached XP level 3. HP: 21/21 MP: 7/7
   881 | D:1      | 881 ||| UPGRADING to +2 robe of positive energy.
   891 | D:1      | 891 ||| DROPPING +0 leather armour.
   892 | D:1      | 892 ||| READING 3 scrolls labelled EQEID IMICVAN.
   896 | D:1      | 896 ||| READING 2 scrolls labelled NATIEW CIXIW.
   897 | D:1      | 897 ||| READING scroll labelled PUF DOXKAN.
   898 | D:1      | 898 ||| DROPPING scroll of blinking.
   917 | D:2      | Reached skill level 4 in Axes
  1006 | D:2      | Identified the +1 spear "Kijion" {freeze, rN++ Int-2}
  1181 | D:2      | 1181 ||| Stepping ~*~*~tactically~*~*~ (stealth).
  1182 | D:2      | 1182 ||| Stepping ~*~*~tactically~*~*~ (stealth).
  1277 | D:2      | 1277 ||| DROPPING +0 club.
  1388 | D:2      | Identified the +1 robe "Mywk" {Str+4}
  1574 | D:2      | Reached XP level 4. HP: 14/26 MP: 8/8
  2194 | D:2      | Found a burning altar of Makhleb.
  2216 | D:2      | 2216 ||| UPGRADING to +3 leather armour of cold resistance.
  2226 | D:2      | 2226 ||| DROPPING +1 robe "Mywk" {Str+4}.
  2227 | D:2      | 2227 ||| DROPPING +2 robe of positive energy.
  2228 | D:2      | 2228 ||| READING scroll labelled LUCUYRGHONLU.
  2229 | D:2      | 2229 ||| READING 2 scrolls of identify.
  2229 | D:2      | 2229 ||| IDENTIFYING ruby potion
  2317 | D:3      | Reached skill level 5 in Axes
  2872 | D:3      | 2872 ||| READING scroll labelled JOZUTI WAOGEEJA.
  2873 | D:3      | 2873 ||| DRINKING 2 amethyst potions.
  2874 | D:3      | 2874 ||| READING 4 scrolls of identify.
  2874 | D:3      | 2874 ||| IDENTIFYING viscous golden potion
  2875 | D:3      | 2875 ||| READING 3 scrolls of identify.
  2875 | D:3      | 2875 ||| IDENTIFYING purple potion
  2876 | D:3      | 2876 ||| READING 2 scrolls of identify.
  2876 | D:3      | 2876 ||| IDENTIFYING lumpy emerald potion
  2877 | D:3      | 2877 ||| DROPPING potion of invisibility.
  2878 | D:3      | 2878 ||| DROPPING potion of degeneration.
  2879 | D:3      | 2879 ||| DROPPING potion of ambrosia.
  2913 | D:4      | 2913 ||| Stepping ~*~*~tactically~*~*~ (stealth).
  2917 | D:4      | 2917 ||| Stepping ~*~*~tactically~*~*~ (stealth).
  2919 | D:4      | 2919 ||| Stepping ~*~*~tactically~*~*~ (stealth).
  2923 | D:4      | Gained mutation: Your magical nature lets you fly swiftly
                  | and evasively. [Tengu growth]
  2923 | D:4      | Reached XP level 5. HP: 22/30 MP: 9/9
  3251 | D:4      | Found Miogoo's Weapon Shop.
  3338 | D:4      | 3338 ||| FLEEEEING.
  3339 | D:4      | 3339 ||| FLEEEEING.
  3343 | D:4      | 3343 ||| FLEEEEING.
  3344 | D:4      | 3344 ||| FLEEEEING.
  3345 | D:4      | 3345 ||| FLEEEEING.
  3346 | D:4      | 3346 ||| FLEEEEING.
  3347 | D:4      | 3347 ||| FLEEEEING.
  3348 | D:4      | 3348 ||| FLEEEEING.
  3349 | D:4      | 3349 ||| FLEEEEING.
  3350 | D:4      | 3350 ||| FLEEEEING.
  3351 | D:4      | 3351 ||| FLEEEEING.
  3352 | D:4      | 3352 ||| FLEEEEING.
  3353 | D:4      | 3353 ||| FLEEEEING.
  3354 | D:4      | 3354 ||| FLEEEEING.
  3355 | D:4      | 3355 ||| STAIRDANCE
  3392 | D:3      | 3392 ||| UPGRADING to +0 scale mail.
  3402 | D:3      | 3402 ||| DROPPING +3 leather armour of cold resistance.
  3403 | D:3      | 3403 ||| DROPPING amulet of faith.
  3404 | D:3      | 3404 ||| READING scroll labelled WER FEIDDUJEN.
  3405 | D:3      | 3405 ||| READING scroll labelled ZUORIFIOKI.
  3406 | D:3      | 3406 ||| READING 2 scrolls of identify.
  3406 | D:3      | 3406 ||| IDENTIFYING metallic red potion
  3409 | D:4      | 3409 ||| STAIRDANCE
  3493 | D:4      | 3493 ||| STAIRDANCE
  3533 | D:4      | Reached skill level 6 in Axes
  3569 | D:4      | Noticed a black bear
  3570 | D:4      | 3570 ||| Stepping ~*~*~tactically~*~*~ (stealth).
  3582 | D:4      | HP: 3/30 [black bear (8)]
  3583 | D:4      | 3583 ||| READING 3 scrolls of teleportation.
  3583 | D:4      | Mangled by a black bear

Levels and vault maps discovered:
D:1:      psy_arrival_basics, layout_rooms
D:2:      layout_basic, basic_altar
D:3:      layout_loops_cross
D:4:      layout_rooms, serial_shops, nicolae_shop_hallway_plus,
          minmay_gold_behind_fungi, kennysheep_donut, grunt_decor_arrowhead

Skill      XL: |  1  2  3  4  5 |
---------------+----------------+-----
Axes           | 3 4 5 6 |  6.1
Fighting       | |  2.0
Throwing       | |  1.0
Armour         | |  1.1
Dodging        | |  2.1
Spellcasting   | |  2.0
Translocations | |  2.4

Action                   |  1- 3 |  4- 6 || total
-------------------------+-------+-------++-------
Melee: Hand axe          |    87 |    73 ||   160
       Kick              |    18 |    26 ||    44
       Peck              |    15 |    11 ||    26
       Punch             |     1 |     1 ||     2
Throw: Boomerang         |     7 |       ||     7
       Javelin           |       |     1 ||     1
  Use: Scroll            |     3 |    10 ||    13
       Potion            |       |     1 ||     1
Armor: Leather armour    |    10 |     9 ||    19
       Robe              |     7 |     2 ||     9
       Scale mail        |       |    14 ||    14
Dodge: Dodged            |    46 |    45 ||    91

Table legend:
 A = Non-vault XP
 B = Vault XP
 C = Vault XP percentage of total XP
 D = Non-vault monster count
 E = Vault monster count
 F = Vault count percentage of total count
                 A         B        C        D         E       F
            +---------+---------+-------+---------+---------+-------
      Total |     251 |       0 |   0.0 |      68 |       0 |   0.0
            +---------+---------+-------+---------+---------+-------
        D:1 |      43 |       0 |   0.0 |      27 |       0 |   0.0
        D:2 |      68 |       0 |   0.0 |      18 |       0 |   0.0
        D:3 |      54 |       0 |   0.0 |      14 |       0 |   0.0
        D:4 |      86 |       0 |   0.0 |       9 |       0 |   0.0
            +---------+---------+-------+---------+---------+-------
